 Dungeon Crawl Stone Soup version 0.22-a0-617-g6d95e9e (webtiles) character file.

14011 Supahsalami the Severer (level 11, -14/104 HPs)
             Began as a Minotaur Berserker on July 12, 2018.
             Was an Elder of Trog.
             Killed from afar by a raiju (19 damage)
             ... with a living lightning
             ... on level 2 of the Abyss.
             The game lasted 00:52:31 (10883 turns).

Supahsalami the Severer (Minotaur Berserker)       Turns: 10883, Time: 00:52:33

Health: -14/104    AC: 12    Str: 30    XL:     11   Next: 83%
Magic:  3/3        EV: 15    Int:  4    God:    Trog [****..]
Gold:   295        SH:  7    Dex: 15    Spells: 10/10 levels left

rFire    + . .     SeeInvis .   a - +4 broad axe (antimagic)
rCold    . . .     Gourm    .   G - +2 buckler {rF+}
rNeg     . . .     Faith    .   i - +0 chain mail
rPois    .         Spirit   .   (helmet restricted)
rElec    .         Reflect  .   (no cloak)
rCorr    .         Harm     .   (no gloves)
MR       ++...                  (no boots)
Stlth    ..........             (no amulet)
HPRegen  1.27/turn              (no ring)
MPRegen  0.08/turn              (no ring)

@: mighty, agile, berserk cooldown, very slightly contaminated, regenerating,
hasted, very quick
A: retaliatory headbutt, horns 2
a: Berserk, Trog's Hand, Brothers in Arms, Renounce Religion


You were on level 2 of the Abyss.
You worshipped Trog.
Trog was greatly pleased with you.
You were full.

You visited 1 branch of the dungeon, and saw 10 of its levels.
You visited the Abyss 1 time.
You also visited: Sewer.

You collected 520 gold pieces.
You spent 225 gold pieces at shops.

Inventory:

Hand Weapons
 a - a +4 antimagic broad axe (weapon)
 b - the +6 hunting sling of Ytyicwuc {freeze, +Fly rElec Dex-5}
   (You found it on level 4 of the Dungeon)

   It causes projectiles fired from it to freeze those they strike, causing
   extra injury to most foes and up to half again as much damage against
   particularly susceptible opponents.
   They can also slow down cold-blooded creatures.
   It affects your dexterity (-5).
   It insulates you from electricity.
   It lets you fly.
 c - a +4 flail of crushing
 s - a +0 spear of flaming
 Q - a +3 flail of freezing
Missiles
 d - 23 sling bullets
 w - 12 tomahawks (quivered)
Armour
 i - a +0 chain mail (worn)
 G - a +2 buckler of fire resistance (worn)
 H - a +1 ring mail of poison resistance
Wands
 e - a wand of polymorph (15)
 t - a wand of disintegration (10)
Scrolls
 f - 2 scrolls of identify
 k - a scroll of fear
 p - a scroll of blinking
 r - 5 scrolls of remove curse
Potions
 g - 9 potions of curing
 j - 2 potions of magic
 l - a potion of haste
 m - a potion of resistance
 n - 7 potions of flight
 v - a potion of lignification
 x - a potion of agility
 z - 6 potions of heal wounds
 A - 2 potions of might
 L - a potion of brilliance
 N - a potion of invisibility
Comestibles
 C - 10 rations


   Skills:
 + Level 11.7 Fighting
 + Level 15.2 Axes
 + Level 11.3 Armour
 - Level 2.1 Dodging
 - Level 4.0 Shields
 * Level 2.6 Evocations


You had 10 spell levels left.
You didn't know any spells.
Your spell library was empty.

Dungeon Overview and Level Annotations

Branches:
Dungeon (10/15)            Temple (0/1) D:6            Lair (0/6) D:10
    Orc (0/2) D:10

Altars:
Ashenzari
Elyvilon
Kikubaaqudgha
Makhleb
Nemelex Xobeh
Okawaru
Sif Muna
Xom
Yredelemnul

Shops:
D:4 *   D:5 !

Annotations:
D:4 3 runed doors, exclusion: 3 doors, kae's ghost, amateur MiFi
D:10 Sonja


Innate Abilities, Weirdness & Mutations

You reflexively headbutt those who attack you in melee.
You have a pair of horns on your head.


Message History

The thrashing horror is destroyed!
Trog accepts your kill.
That item cannot be evoked!
Evoke which item? (* to show all) (? for menu, Esc to quit)
Aiming: Disintegrate
Press: ? - help, Shift-Dir - straight line, f - raiju
Aim: a raiju (chance to defeat MR: 75%)
The raiju struggles to resist.
Your ogre hits the small abomination with a giant club!!
The small abomination is destroyed!
Trog accepts your kill.
The raiju bursts into living lightning!
The living lightning hits you! x2
* * * LOW HITPOINT WARNING * * *
The raiju blinks!
The raiju bursts into living lightning!
The living lightning hits you!
* * * LOW HITPOINT WARNING * * *
The living lightning hits you!
You die...

## ?. .. #
.#.§## # .. #†#
#.# .# .# # h.#
### #h## ..## .
#.#. .## ...
##h#####...#.#..
#@# .──..##.#§§#
.
#O.§#h#X#...##..
####hh#.. ## #.
.H ##..#..#. ##
# ..#...#....
#§. #....h .
#.Xw. .##.#.#
..§##§ # #..# #
##XR #. #...


You could see 3 raiju and a friendly ogre (berserk).

Vanquished Creatures
  A tentacled starspawn (Abyss:2)
  A two-headed ogre (D:10)
  A wizard (D:7)
  Pikel (D:6)
  3 orc sorcerers (D:7)
  An ugly thing (D:10)
  A stone giant skeleton (Abyss:2)
  A komodo dragon (D:10)
  A troll (D:8)
  3 raiju (Abyss:2)
  A hippogriff (D:9)
  A wyvern (D:8)
  A neqoxec (Abyss:2)
  2 hungry ghosts
  Edmund (D:4)
  A water moccasin (D:8)
  Duvessa (D:6)
  A snapping turtle zombie (Abyss:2)
  A sky beast (D:8)
  A slave (D:6)
  6 orc warriors
  7 ice beasts
  2 phantoms
  2 black bears
  4 necrophages (D:9)
  5 ogres
  3 centaurs
  A crocodile (D:10)
  The ghost of TheNamelessOne the Sneak, an amateur SpAs (D:3)
  3 big kobolds
  A gnoll sergeant (D:7)
  3 bullfrogs (D:9)
  Dowan (D:6)
  A wyvern skeleton (D:7)
  3 wights
  A howler monkey (D:6)
  6 centaur zombies
  2 crimson imps
  A jelly (D:8)
  2 bullfrog zombies
  4 hounds
  4 orc priests
  5 orc wizards
  3 iguanas (D:9)
  3 iron imps (D:7)
  A bullfrog skeleton (D:7)
  Ijyb (D:4)
  8 worker ants
  A hound zombie (D:6)
  A mummy (D:9)
  A worker ant zombie (D:8)
  19 adders
  9 gnolls
  A howler monkey skeleton (D:7)
  8 river rats (Sewer)
  A shadow imp (D:7)
  2 oozes
  An adder zombie (D:5)
  3 adder skeletons
  2 worms (D:4)
  2 dart slugs (D:4)
  8 leopard geckos
  31 orcs
  4 ball pythons
  8 giant cockroaches
  6 hobgoblins
  9 jackals
  26 kobolds
  7 quokkas
  2 bats
  4 frilled lizards
  9 goblins
  A leopard gecko skeleton (D:7)
  A leopard gecko zombie (D:5)
  20 rats
296 creatures vanquished.

Vanquished Creatures (collateral kills)
  2 two-headed ogres (D:9)
  A thrashing horror (Abyss:2)
  A small abomination (Abyss:2)
  A bullfrog (D:9)
5 creatures vanquished.

Vanquished Creatures (others)
  A raiju (Abyss:2)
  2 slaves (D:6)
  An orc priest (D:6)
  An orc (D:6)
  3 plants (D:10)
  9 starspawn tentacles (Abyss:2)
  2 withered plants (D:9)
19 creatures vanquished.

Grand Total: 320 creatures vanquished

Notes
Turn   | Place    | Note
-------+----------+-------------------------------------------
     0 | D:1      | Supahsalami the Minotaur Berserker began the quest for the Orb.
     0 | D:1      | Reached XP level 1. HP: 19/19 MP: 0/0
   242 | D:1      | Reached skill level 4 in Axes
   251 | D:1      | Reached XP level 2. HP: 25/27 MP: 1/1
   307 | D:1      | You fall through a shaft!
   369 | D:2      | Found a sparkling altar of Nemelex Xobeh.
   644 | D:2      | Reached XP level 3. HP: 29/33 MP: 2/2
  1236 | D:2      | Reached ** piety under Trog
  1552 | D:2      | Reached skill level 5 in Axes
  1552 | D:2      | Reached XP level 4. HP: 41/41 MP: 3/3
  1811 | D:3      | Noticed an ogre
  1818 | D:3      | Killed an ogre
  1818 | D:3      | Reached XP level 5. HP: 47/47 MP: 4/4
  1822 | D:3      | Found a faded altar of an unknown god.
  2206 | D:3      | Reached skill level 6 in Axes
  2472 | D:3      | Reached skill level 5 in Fighting
  2517 | D:3      | Found a shattered altar of Ashenzari.
  2519 | D:3      | Found a white marble altar of Elyvilon.
  2586 | D:3      | Found a runed gate.
  2586 | D:3      | Found a runed gate.
  2588 | D:3      | Found a runed gate.
  2591 | D:3      | Noticed TheNamelessOne's ghost (amateur SpAs)
  2617 | D:3      | Killed TheNamelessOne's ghost
  2617 | D:3      | Reached XP level 6. HP: 56/56 MP: 5/5
  2713 | D:4      | Found an ancient bone altar of Kikubaaqudgha.
  2725 | D:4      | Noticed Ijyb
  2739 | D:4      | Killed Ijyb
  2740 | D:4      | Reached skill level 7 in Axes
  2745 | D:4      | Reached skill level 5 in Armour
  2745 | D:4      | Reached XP level 7. HP: 34/62 MP: 6/6
  2845 | D:4      | Got an ivory hunting sling
  2861 | D:4      | Reached *** piety under Trog
  2873 | D:4      | Found a shimmering altar of Xom.
  2882 | D:4      | Found a glowing drain.
  2895 | Sewer    | Entered a sewer
  3154 | Sewer    | Reached skill level 8 in Axes
  3445 | Sewer    | Reached **** piety under Trog
  3881 | D:4      | Noticed Edmund
  3890 | D:4      | Killed Edmund
  3993 | D:4      | Reached XP level 8. HP: 62/71 MP: 7/7
  4043 | D:4      | Found a runed gate.
  4044 | D:4      | Found a runed gate.
  4045 | D:4      | Found a runed gate.
  4047 | D:4      | Noticed kae's ghost (amateur MiFi)
  4191 | D:4      | Found Kaggesana's General Store.
  4199 | D:4      | Bought a scroll of fear for 35 gold pieces
  4211 | D:5      | Entered Level 5 of the Dungeon
  4211 | D:5      | Found Weoviyt's Distillery.
  4227 | D:5      | Reached skill level 9 in Axes
  4288 | D:5      | Bought a potion of curing for 30 gold pieces
  4288 | D:5      | Bought a potion of heal wounds for 50 gold pieces
  4288 | D:5      | Bought a potion of heal wounds for 50 gold pieces
  4288 | D:5      | Bought a potion of curing for 30 gold pieces
  4288 | D:5      | Bought a potion of curing for 30 gold pieces
  4304 | D:5      | Identified the +6 hunting sling of Ytyicwuc {freeze, +Fly rElec Dex-5} (You found it on level 4 of the Dungeon)
  4838 | D:6      | Reached skill level 10 in Axes
  4901 | D:6      | Noticed Pikel
  4907 | D:6      | Killed Pikel
  4907 | D:6      | Reached XP level 9. HP: 81/81 MP: 8/8
  5017 | D:6      | Noticed Dowan
  5018 | D:6      | Reached ***** piety under Trog
  5018 | D:6      | Noticed Duvessa
  5318 | D:6      | Killed Duvessa
  5318 | D:6      | Reached skill level 11 in Axes
  5326 | D:6      | Killed Dowan
  5689 | D:6      | Found a staircase to the Ecumenical Temple.
  5963 | D:7      | Found a burning altar of Makhleb.
  5971 | D:7      | Found a deep blue altar of Sif Muna.
  6180 | D:7      | Reached skill level 12 in Axes
  6568 | D:7      | Noticed an orc sorcerer
  6568 | D:7      | Noticed an orc sorcerer
  6569 | D:7      | Noticed a rust devil
  6569 | D:7      | Paralysed by an orc sorcerer for 4 turns
  6570 | D:7      | Noticed a wizard
  6571 | D:7      | Noticed an orc sorcerer
  6580 | D:7      | Noticed a sixfirhy
  6832 | D:7      | Killed an orc sorcerer
  6832 | D:7      | Reached skill level 1 in Shields
  6856 | D:7      | Killed a wizard
  6856 | D:7      | Reached XP level 10. HP: 84/91 MP: 9/9
  7116 | D:7      | Killed an orc sorcerer
  7211 | D:7      | Killed an orc sorcerer
  7544 | D:8      | Reached skill level 13 in Axes
  7729 | D:8      | Reached skill level 10 in Fighting
  8914 | D:8      | Found an iron altar of Okawaru.
  9018 | D:9      | Reached skill level 10 in Armour
  9154 | D:9      | Noticed a two-headed ogre
  9541 | D:9      | Reached XP level 11. HP: 97/99 MP: 10/10
  9552 | D:9      | Found a basalt altar of Yredelemnul.
  9717 | D:9      | Noticed a two-headed ogre
  9738 | D:9      | Killed a two-headed ogre
  9738 | D:9      | Reached skill level 14 in Axes
  9956 | D:9      | Noticed a two-headed ogre
  9960 | D:9      | Killed a two-headed ogre
  9989 | D:9      | Received a gift from Trog
 10187 | D:10     | Entered Level 10 of the Dungeon
 10291 | D:10     | Found a staircase to the Orcish Mines.
 10542 | D:10     | Noticed a two-headed ogre
 10548 | D:10     | Killed a two-headed ogre
 10617 | D:10     | Found a staircase to the Lair.
 10636 | D:10     | Noticed a red ugly thing
 10645 | D:10     | Noticed Sonja
 10653 | D:10     | Killed a red ugly thing
 10670 | D:10     | Cast into level 2 of the Abyss (Sonja)
 10841 | Abyss:2  | Reached skill level 15 in Axes
 10841 | Abyss:2  | Noticed a thrashing horror
 10852 | Abyss:2  | Noticed a tentacled starspawn
 10881 | Abyss:2  | Killed a tentacled starspawn
 10882 | Abyss:2  | Killed a thrashing horror
 10883 | Abyss:2  | HP: 5/104 [raiju/living lightning (14)]
 10883 | Abyss:2  | Killed from afar by a raiju

Vault maps used:
D:1:      mrwooster_arrival_statue
D:2:      nemelex_xobeh_ov_fountains_minmay, first_ration
D:3:      nicolae_overflow_hidden_temple, chequers_ecumenical_altar_simple,
          ebering_ghost_rock_garden, st_stairs_2
D:4:      kiku_gazebo_garden_becter, old_standard_altar, serial_shops,
          nicolae_shop_temple_entry_statues_fountains,
          ebering_ghost_rock_garden, cheibrodos_sewer_entry_drain, uniq_ijyb,
          uniq_edmund
D:5:      serial_shops, nicolae_shop_crystal
D:6:      minmay_temple_entry_nine_rooms, uniq_pikel, uniq_duvessa
D:7:      cheibrodos_wizards_tower, demons_altar, lemuel_crystal_altar
D:8:      okawaru_trees_2
D:9:      yredelemnul_altar_generic, serial_undead, serial_undead_b,
          serial_undead_c, serial_undead_e, serial_undead_b, serial_undead_a,
          serial_undead_a
D:10:     david_lair_shrubbed, david_orc_2, hangedman_little_slice_of_home,
          uniq_sonja
Sewer:    sewer_minmay_treatment

Skill      XL: |  1  2  3  4  5  6  7  8  9 10 11 |
---------------+----------------------------------+-----
Axes           | 4 5 6 7 8 10 12 13 15 | 15.2
Fighting       | 4 5 6 8 9 10 11 | 11.7
Armour         | 3 4 5 7 9 10 11 | 11.3
Shields        | 2 4 |  4.0
Evocations     | 2 |  2.6
Dodging        | |  2.1

Action                   |  1- 3 |  4- 6 |  7- 9 | 10-12 || total
-------------------------+-------+-------+-------+-------++-------
Melee: Hand axe          |    84 |    62 |   201 |    59 ||   406
       Headbutt          |    13 |    10 |    46 |    57 ||   126
       Flail             |       |       |   100 |   126 ||   226
       Broad axe         |       |       |       |    94 ||    94
 Fire: Hunting sling     |       |       |    77 |    47 ||   124
Throw: Tomahawk          |       |       |     1 |       ||     1
       Throwing net      |       |       |       |     1 ||     1
Invok: Berserk           |       |     3 |     7 |     8 ||    18
       Trog's Hand       |       |     2 |     5 |     4 ||    11
       Brothers in Arms  |       |       |       |     4 ||     4
Evoke: Wand              |       |       |       |     1 ||     1
       Box of beasts     |       |       |       |     1 ||     1
  Use: Scroll            |       |     1 |    14 |    17 ||    32
       Potion            |       |       |       |     7 ||     7
 Stab: Distracted        |       |       |       |     1 ||     1
  Eat: Chunk             |     2 |     4 |    18 |    15 ||    39
       Ration            |       |     1 |     1 |     4 ||     6
Armor: Animal skin       |     3 |       |       |       ||     3
       Chain mail        |    29 |    25 |   166 |   106 ||   326
Dodge: Dodged            |    42 |    29 |   159 |   103 ||   333
Block: Buckler           |       |       |     3 |    58 ||    61

Table legend:
 A = Spawn XP
 B = Non-spawn XP
 C = Spawn XP percentage of total XP
 D = Spawn monster count
 E = Non-spawn monster count
 F = Spawn count percentage of total count
 G = Total turns spent on level
                    A         B        C        D         E        F      G
               +---------+---------+-------+---------+---------+-------+---------
         Total |    3966 |   16051 |  19.8 |       9 |     292 |   3.0 | 10883
               +---------+---------+-------+---------+---------+-------+---------
           D:1 |       0 |      20 |   0.0 |       0 |      12 |   0.0 |   665
           D:2 |       0 |      88 |   0.0 |       0 |      17 |   0.0 |  1001
           D:3 |       0 |     304 |   0.0 |       0 |      19 |   0.0 |  1084
           D:4 |       0 |     878 |   0.0 |       0 |      32 |   0.0 |   643
           D:5 |       0 |     609 |   0.0 |       0 |      17 |   0.0 |   865
           D:6 |       0 |    1790 |   0.0 |       0 |      28 |   0.0 |   802
           D:7 |       0 |    3765 |   0.0 |       0 |      44 |   0.0 |  1698
           D:8 |       0 |    1924 |   0.0 |       0 |      25 |   0.0 |  1471
           D:9 |       0 |    3033 |   0.0 |       0 |      33 |   0.0 |  1112
          D:10 |       0 |    3346 |   0.0 |       0 |      17 |   0.0 |   483
       Abyss:2 |    3966 |       0 | 100.0 |       9 |       0 | 100.0 |   213
         Sewer |       0 |     294 |   0.0 |       0 |      48 |   0.0 |   846
               +---------+---------+-------+---------+---------+-------+---------
